 Dungeon Crawl Stone Soup version 0.19.1 (webtiles) character file.

5316 LORDOFBUTT the Cleaver (level 10, -2/81 HPs)
             Began as a Formicid Fighter on Dec 23, 2016.
             Was an Initiate of Gozag.
             Slain by a thrashing horror (5 damage)
             ... on level 2 of the Abyss.
             The game lasted 00:12:27 (7276 turns).

LORDOFBUTT the Cleaver (Formicid Fighter)           Turns: 7276, Time: 00:12:28

Health: -2/81      AC: 15    Str: 27    XL:     10   Next: 95%
Magic:  3/3        EV: 15    Int:  7    God:    Gozag
Gold:   53         SH: 13    Dex: 18    Spells: 0 memorised, 9 levels left

rFire  + . .     SeeInvis +     L - +2 war axe (antimagic)
rCold  + . .     Gourm    .     b - +0 scale mail
rNeg   . . .     Faith    .     c - +0 shield
rPois  +         Spirit   .     (helmet unavailable)
rElec  +         Reflect  .     (no cloak)
rCorr  +         Harm     .     J - +2 pair of gloves
MR     +....                    k - +2 pair of boots
Stlth  +.........               i - amulet of regeneration
                                q - ring of poison resistance
                                v - ring of resist corrosion

@: mighty, agile, resistant, gold aura, very slightly contaminated, invisible
(expiring)
A: permanent stasis, dig shafts and tunnels, four strong arms, antennae 3
a: Dig, Shaft Self, Potion Petition, Call Merchant, Bribe Branch, Renounce
Religion


You were on level 2 of the Abyss.
You worshipped Gozag.
Gozag was noncommittal.
You were not hungry.

You visited 2 branches of the dungeon, and saw 11 of its levels.
You visited the Abyss 1 time.

You collected 1031 gold pieces.
You paid 978 gold pieces to Gozag.

Inventory:

Hand Weapons
 L - a +2 antimagic war axe (weapon)
Armour
 b - a +0 scale mail (worn)
 c - a +0 shield (worn)
 k - a +2 pair of boots (worn)
 J - a +2 pair of gloves (worn)
Jewellery
 i - an amulet of regeneration (around neck)
 q - a ring of poison resistance (right hand)
 v - a ring of resist corrosion (left hand)
 x - an uncursed ring of wizardry
 B - an uncursed ring of protection from cold
Wands
 C - a wand of polymorph (17/24)
 E - a wand of paralysis (8/24)
 M - a wand of disintegration (12/24)
 N - a wand of paralysis (6/24)
 Q - a wand of lightning (5/15)
 T - a wand of polymorph (15/24)
Scrolls
 a - a scroll of brand weapon {unknown}
 g - 3 scrolls of enchant weapon {unknown}
 h - a scroll of fear {unknown}
 j - 3 scrolls of remove curse
 n - 4 scrolls of teleportation {unknown}
 p - 2 scrolls of recharging {unknown}
 y - a scroll of fog {unknown}
 D - 3 scrolls of amnesia {unknown}
 F - a scroll of immolation {unknown}
 G - a scroll of noise {unknown}
 H - 4 scrolls of blinking {unknown}
 I - 3 scrolls of enchant armour
 O - 2 scrolls of magic mapping {unknown}
 U - a scroll of identify
Potions
 d - a potion of might
 e - 3 potions of curing
 l - a potion of resistance {unknown}
 m - 2 potions of cure mutation {unknown}
 o - 3 potions of berserk rage
 r - a potion of brilliance
 t - 3 potions of mutation
 u - a potion of ambrosia {unknown}
 w - 2 potions of haste {unknown}
 z - 2 potions of heal wounds {unknown}
 A - 2 potions of lignification {unknown}
 R - a potion of beneficial mutation {unknown}
 S - 2 potions of flight {unknown}
Books
 P - a book of Clouds

   Spells                             Type                      Level
   a - Mephitic Cloud                 Conjuration/Poison/Air       3
   b - Conjure Flame                  Conjuration/Fire             3
   c - Poisonous Cloud                Conjuration/Poison/Air       6
   d - Freezing Cloud                 Conjuration/Ice/Air          6
   e - Ring of Flames                 Charms/Fire                  7
Comestibles
 f - 4 bread rations
 s - 6 meat rations
 K - a royal jelly


   Skills:
 + Level 8.3 Fighting
 * Level 9.9 Axes
 + Level 8.3 Armour
 + Level 9.3 Shields


You had 9 spell levels left.
You didn't know any spells.

Dungeon Overview and Level Annotations

Branches:
Dungeon (9/15)             Temple (1/1) D:5             Orc (0/2) D:9
   Lair: D:8-11

Altars:
Ashenzari
Cheibriados
Dithmenos
Elyvilon
Fedhas
Gozag
Hepliaklqana
Kikubaaqudgha
Makhleb
Nemelex Xobeh
Okawaru
Qazlal
Ru
Sif Muna
Trog
Uskayaw
Vehumet
Xom
Yredelemnul
Zin
The Shining One

Shops:
D:9 %


Innate Abilities, Weirdness & Mutations

You are under a permanent stasis effect.
You can dig through walls and to a lower floor.
Your four strong arms can wield two-handed weapons with a shield.
You have a pair of large antennae on your head. (SInv)


Message History

The thrashing horror tramples you!
* * * LOW HITPOINT WARNING * * *
You hold your ground!
You block the thrashing horror's attack.
You catch the helpless thrashing horror completely off-guard!
You hit the thrashing horror but do no damage.
The thrashing horror is lightly damaged.
You slash the thrashing horror!
The thrashing horror is moderately damaged.
The thrashing horror tramples you.
* * * LOW HITPOINT WARNING * * *
You hold your ground!
You block the thrashing horror's attack.
You feel better.
You flicker for a moment.
The thrashing horror tramples you!
* * * LOW HITPOINT WARNING * * *
You hold your ground!
The thrashing horror tramples you.
You die...
Your body crumbles into a pile of gold.

. . . # #..
##.. ....##.
.. ###....#
.. # #
...#..#. #.
.# .. #
......## . )#
#. # #...#
..# .. .
.....####..##
. #.. . ..
#...##..@..#
# .# # .# .
..#.###X.#
...##.... ##
...##..W## .
##. . ..
#.#..#.#.# .
#. .. #.##
..#.# # #.# .
.#..#. # #.
#_. { ## .. .
#.#. #. . . #
#..
...###.### #.
# # # ..# .#
. . #


You could see a flayed ghost and a thrashing horror.

Vanquished Creatures
  Erica (D:8)
  A wizard (D:12)
  A hornet (D:8)
  A two-headed ogre (D:8)
  A hippogriff (D:7)
  Sigmund (D:5)
  2 wyverns
  Edmund (D:5)
  A large abomination (Abyss:2)
  3 orc warriors
  4 ice beasts
  2 sky beasts
  2 black bears
  2 ogres
  3 centaurs
  2 big kobolds (D:7)
  6 bullfrogs
  A scorpion (D:7)
  A howler monkey (D:6)
  3 hounds
  A quasit (D:8)
  3 orc priests
  3 bullfrog zombies
  A jelly (D:7)
  2 orc wizards
  2 centaur skeletons
  A bullfrog skeleton (D:3)
  5 iguanas
  4 worker ants
  A hound skeleton (D:8)
  Robin (D:3)
  8 adders
  2 shadow imps
  An adder zombie (D:5)
  2 worms
  4 dart slugs
  4 leopard geckos
  27 orcs
  4 bats
  3 giant cockroaches
  15 goblins
  9 hobgoblins
  2 jackals (D:4)
  6 quokkas
  3 frilled lizards
  17 kobolds
  A leopard gecko zombie (D:5)
  6 rats
177 creatures vanquished.

Vanquished Creatures (others)
  A giant cockroach (D:5)
1 creature vanquished.

Grand Total: 178 creatures vanquished

Notes
Turn   | Place    | Note
-------+----------+-------------------------------------------
     0 | D:1      | LORDOFBUTT the Formicid Fighter began the quest for the Orb.
     0 | D:1      | Reached XP level 1. HP: 18/18 MP: 1/1
   189 | D:1      | Reached XP level 2. HP: 23/24 MP: 2/2
   874 | D:2      | Reached XP level 3. HP: 29/29 MP: 3/3
  1023 | D:2      | Found a sparkling altar of Nemelex Xobeh.
  1126 | D:2      | Reached XP level 4. HP: 16/37 MP: 4/4
  1984 | D:3      | Reached XP level 5. HP: 34/42 MP: 5/5
  2006 | D:3      | Noticed Robin
  2025 | D:3      | Killed Robin
  2736 | D:4      | Reached XP level 6. HP: 30/49 MP: 6/6
  3181 | D:4      | Reached skill level 5 in Shields
  3439 | D:5      | Entered Level 5 of the Dungeon
  3439 | D:5      | Noticed Sigmund
  3444 | D:5      | Noticed Edmund
  3448 | D:5      | Killed Sigmund
  3448 | D:5      | Reached XP level 7. HP: 41/55 MP: 7/7
  3458 | D:5      | Killed Edmund
  3458 | D:5      | Reached skill level 5 in Fighting
  3458 | D:5      | Reached skill level 5 in Axes
  3458 | D:5      | Reached skill level 5 in Armour
  3522 | D:5      | Reached XP level 8. HP: 27/62 MP: 8/8
  3588 | D:5      | Found a staircase to the Ecumenical Temple.
  3681 | Temple   | Entered the Ecumenical Temple
  3935 | Temple   | Became a worshipper of Gozag Ym Sagoz the Greedy
  4570 | D:6      | Found a snail-covered altar of Cheibriados.
  4653 | D:6      | Reached XP level 9. HP: 48/69 MP: 3/9
  5307 | D:7      | HP: 2/71 [orc warrior/short sword (13)]
  5395 | D:7      | Noticed a hippogriff
  5408 | D:7      | Killed a hippogriff
  5862 | D:7      | Reached XP level 10. HP: 71/79 MP: 3/10
  6024 | D:7      | Got a transparent ring mail
  6035 | D:7      | Identified the cursed +0 ring mail of the Seven Planets {MR+} (You found it on level 7 of the Dungeon)
  6703 | D:8      | Noticed Erica
  6713 | D:8      | Killed Erica
  6979 | D:9      | Found Qisoer's Food Emporium.
  6998 | D:9      | Found a staircase to the Orcish Mines.
  7118 | D:9      | You fall through a shaft for 3 floors!
  7118 | D:12     | Noticed a wizard
  7136 | D:12     | Killed a wizard
  7200 | D:12     | Noticed a wizard
  7203 | D:12     | Cast into level 2 of the Abyss (a wizard)
  7210 | Abyss:2  | Found a corrupted altar of Lugonu.
  7249 | Abyss:2  | Noticed a thrashing horror
  7262 | Abyss:2  | Noticed a flayed ghost
  7276 | Abyss:2  | HP: 3/81 [thrashing horror (12)]
  7276 | Abyss:2  | Slain by a thrashing horror

Skill      XL: |  1  2  3  4  5  6  7  8  9 10 |
---------------+-------------------------------+-----
Shields        | 4 5 6 8 9 |  9.3
Armour         | 4 5 6 7 8 |  8.3
Axes           | 3 4 5 6 8 9 |  9.9
Fighting       | 4 5 6 7 8 |  8.3

Action                   |  1- 3 |  4- 6 |  7- 9 | 10-12 || total
-------------------------+-------+-------+-------+-------++-------
Melee: War axe           |   109 |   161 |   239 |   145 ||   654
Invok: Potion Petition   |       |       |     1 |     2 ||     3
  Use: Scroll            |       |     8 |       |     1 ||     9
       Potion            |       |       |       |     3 ||     3
 Stab: Distracted        |       |       |     1 |       ||     1
       Invisible         |       |       |       |     3 ||     3
  Eat: Chunk             |       |     8 |     2 |       ||    10
       Fruit             |       |       |     9 |       ||     9
       Pizza             |       |       |     2 |       ||     2
       Bread ration      |       |       |       |     1 ||     1
Armor: Scale mail        |    52 |    79 |   121 |    56 ||   308
Dodge: Dodged            |    44 |    82 |    85 |    53 ||   264
Block: Shield            |    64 |   106 |   151 |    92 ||   413
